 Dungeon Crawl Stone Soup version 0.29.1-15-g9cfb28693d (webtiles) character file.

Game seed: 5869475862307941130

642 Peloso the Slasher (level 7, -3/61 HPs)
             Began as a Minotaur Fighter on Apr 22, 2023.
             Killed by nerve-wracking pain
             ... invoked by an orc priest
              (5 damage)
             ... on level 5 of the Dungeon.
             The game lasted 00:09:59 (4261 turns).

Peloso the Slasher (Minotaur Fighter)               Turns: 4261, Time: 00:09:59

Health: -3/61      AC: 10    Str: 21    XL:     7   Next: 26%
Magic:  6/6        EV:  8    Int:  5    God:
Gold:   252        SH:  5    Dex: 11    Spells: 6/6 levels left

rFire   . . .      SeeInvis .   a - +0 long sword
rCold   . . .      Faith    .   d - +0 buckler
rNeg    . . .      Spirit   .   c - +0 chain mail
rPois   .          Reflect  .   (helmet restricted)
rElec   .          Harm     .   (no cloak)
rCorr   +          Rampage  .   (no gloves)
Will    .....                   (no boots)
Stlth   ..........              (no amulet)
HPRegen 0.20/turn               m - ring of resist corrosion
MPRegen 0.10/turn               (no ring)

@: no status effects
A: horns 2, retaliatory headbutt
a: no special abilities


You were on level 5 of the Dungeon.
You visited 2 branches of the dungeon, and saw 6 of its levels.

You collected 252 gold pieces.

Inventory:

Hand Weapons
 a - a +0 long sword (weapon)
Armour
 b - a +0 scale mail
 c - a +0 chain mail (worn)
 d - a +0 buckler (worn)
Jewellery
 j - a ring of fire
 m - a ring of resist corrosion (left hand)
Wands
 g - a wand of flame (27)
Scrolls
 h - a scroll of fear {unknown}
 k - a scroll of teleportation {unknown}
 p - a scroll of identify
Potions
 e - a potion of brilliance {unknown}
 i - a potion of degeneration {unknown}
 l - a potion of might
 n - a potion of resistance {unknown}
 o - a potion of curing {unknown}
 q - a potion of haste {unknown}
 r - a potion of attraction {unknown}


   Skills:
 + Level 5.0 Fighting
 + Level 6.7 Long Blades
 + Level 6.0 Armour
 + Level 1.5 Dodging
 + Level 0.2 Stealth
 + Level 4.7 Shields


You had 6 spell levels left.
You didn't know any spells.
Your spell library contained the following spells:

 Spells                   Type           Power      Damage    Failure   Level
 Freeze                   Ice            0%         1d3       99%         1
 Frozen Ramparts          Ice            0%         1d1       100%        3
 Tukima's Dance           Hex            0%         N/A       100%        3
 Hailstorm                Conj/Ice       0%         3d3       100%        4
 Passage of Golubria      Tloc           0%         N/A       100%        4
 Yara's Violent Unravell  Hex/Tmut       0%         3d3       100%        5


Dungeon Overview and Level Annotations

Branches:
Dungeon (5/15)             Temple (1/1) D:4

Altars:
Elyvilon
Hepliaklqana
Kikubaaqudgha
Makhleb
Nemelex Xobeh
Okawaru
Qazlal
Ru
Sif Muna
Trog
Uskayaw
Vehumet
Wu Jian
Xom
Yredelemnul
Zin


Innate Abilities, Weirdness & Mutations

You have a pair of horns on your head.
You reflexively headbutt those who attack you in melee.


Message History

The black bear is heavily wounded.
The black bear bites you.
* * * LOW HITPOINT WARNING * * *
The black bear claws you but does no damage.
The black bear barely misses you. The black bear closely misses you.
The black bear claws you.
* * * LOW HITPOINT WARNING * * *
The black bear barely misses you.
You barely miss the black bear.
The black bear is heavily wounded.
You feel less invigorated.
You feel less confused. You block the black bear's attack.
The black bear claws you but does no damage.
The black bear claws you.
* * * LOW HITPOINT WARNING * * *
You hit the black bear.
The black bear is heavily wounded.
The black bear bites you!
* * * LOW HITPOINT WARNING * * *
You block the black bear's attack. The black bear claws you.
* * * LOW HITPOINT WARNING * * *
Unknown command.
You hit the black bear. You headbutt the black bear!
You kill the black bear!
Your Fighting skill increases to level 5!
Your Armour skill increases to level 6!
You hit the orc priest.
The orc priest is lightly wounded.
The orc priest hits you with a +0 dagger.
* * * LOW HITPOINT WARNING * * *
The orc priest begins to cast a cantrip, but forgets the words!
Unknown command.
Unknown command.
Okay, then.
You slash the orc priest!
The orc priest is severely wounded.
The orc priest calls down the wrath of Beogh upon you.
Pain shoots through your body!
You die...

.. ..######## # #.......# ###.
#.......# ... #.......# ..#
#.......# #.# #.......##
#.####@.......# ..
###.#oo.o..####.#
##.###.....###### #.###
.......#.###### ####...#####
#.#..........# #......#)..## .
.#...##..####..##...........##
_..#.# ##.## # ...[...........#
...#.###..#....................#
##o#...o....# ####............#


You could see 2 orc priests and an orc.

Vanquished Creatures
  A black bear (D:5)
  A phantom (D:5)
  A necrophage (D:5)
  A scorpion (D:5)
  3 hounds
  A jelly (D:4)
  Robin (D:3)
  6 gnolls
  5 adders
  A white imp (D:5)
  An ufetubus (D:4)
  3 worms
  2 dart slugs
  7 orcs (D:3)
  7 ball pythons
  8 endoplasms
  2 giant cockroaches (D:2)
  14 goblins
  8 hobgoblins
  2 jackals (D:2)
  3 kobolds
  4 quokkas
  7 bats
  6 frilled lizards
  9 rats
104 creatures vanquished.

Vanquished Creatures (others)
  13 plants (D:2)
13 creatures vanquished.

Grand Total: 117 creatures vanquished

Notes
Turn   | Place    | Note
-------+----------+-------------------------------------------
     0 | D:1      | Peloso the Minotaur Fighter began the quest for the Orb.
     0 | D:1      | Reached XP level 1. HP: 19/19 MP: 0/0
   213 | D:1      | Reached XP level 2. HP: 27/27 MP: 1/1
   684 | D:1      | Reached XP level 3. HP: 33/33 MP: 2/2
   922 | D:2      | You fall into a shaft and drop 2 floors!
   922 | D:4      | Found a bloodstained altar of Trog.
   995 | D:4      | Reached XP level 4. HP: 31/40 MP: 3/3
  2300 | D:3      | Reached XP level 5. HP: 47/47 MP: 4/4
  2408 | D:3      | Noticed Robin
  2435 | D:3      | Killed Robin
  2986 | D:3      | Found a sparkling altar of Nemelex Xobeh.
  3070 | D:4      | Reached skill level 1 in Dodging
  3145 | D:4      | Reached skill level 5 in Armour
  3409 | D:4      | Found a staircase to the Ecumenical Temple.
  3455 | Temple   | Entered the Ecumenical Temple
  3605 | D:4      | Reached XP level 6. HP: 47/53 MP: 5/5
  3701 | D:4      | Found an ornate altar of the Wu Jian Council.
  3745 | D:4      | Reached skill level 5 in Long Blades
  3976 | D:5      | Entered Level 5 of the Dungeon
  4107 | D:5      | Reached XP level 7. HP: 46/60 MP: 6/6
  4234 | D:5      | Found an iron altar of Okawaru.
  4260 | D:5      | Reached skill level 5 in Fighting
  4260 | D:5      | HP: 2/61 [orc priest/+0 dagger (5)]
  4261 | D:5      | Killed from afar by an orc priest

Illustrated notes

Levels and vault maps discovered:
D:1:      giann_bridges, layout_loops_ring, nrook_mini_vaults, minivault_25
D:2:      layout_basic, serial_bayou_lagoon_b
D:3:      layout_basic, nemelex_dance_club_becter, uniq_robin
D:4:      layout_cave_pools, mainiacjoe_overflow_concentric_impassable,
          nicolae_wu_jian_immortal_techniques, minmay_temple_entry_grid,
          serial_column_ruins, column_ruins_corridor_T, column_ruins_open_small,
          column_ruins_columns_corner, column_ruins_open_tiny,
          column_ruins_corridor_straight, column_ruins_grid_1,
          column_ruins_columns_dead_end, minmay_misc_feat_tower
D:5:      layout_rooms, mainiacjoe_overflow_boulevard,
          mainiacjoe_overflow_cross_hatched, uniq_edmund
Temple:   nicolae_temple_godzebo

Skill      XL: |  1  2  3  4  5  6  7 |
---------------+----------------------+-----
Armour         | 4 5 6 |  6.0
Long Blades    | 3 4 6 |  6.7
Fighting       | 4 5 |  5.0
Shields        | 4 |  4.7
Dodging        | 1 |  1.5
Stealth        | |  0.2

Action                   |  1- 3 |  4- 6 |  7- 9 || total
-------------------------+-------+-------+-------++-------
Melee: Long sword        |    82 |   181 |    17 ||   280
       Headbutt          |    10 |    27 |     2 ||    39
  Use: Scroll            |     1 |     3 |       ||     4
       Potion            |       |     3 |     1 ||     4
Armor: Scale mail        |    40 |    45 |       ||    85
       Chain mail        |       |    25 |    19 ||    44
Dodge: Dodged            |    43 |    90 |    18 ||   151
Block: Buckler           |    21 |    53 |    10 ||    84
